 Dungeon Crawl Stone Soup version 0.26-a0-651-gb41185065b (webtiles) character file.

Game seed: 14336599279479842019

(classic levelgen) 12352 EnegeticOcto the Cleaver (level 11, -2/100 HPs)
             Began as a Deep Dwarf Fighter on Oct 17, 2020.
             Was a Priest of Makhleb.
             Slain by a 14-headed hydra (5 damage)
             ... on level 11 of the Dungeon.
             The game lasted 00:06:05 (7247 turns).

EnegeticOcto the Cleaver (Deep Dwarf Fighter)       Turns: 7247, Time: 00:06:05

Health: -2/100     AC: 27    Str: 23    XL:     11   Next: 61%
Magic:  4/4        EV: 12    Int:  7    God:    Makhleb [***...]
Gold:   1771       SH: 12    Dex: 12    Spells: 10/10 levels left

rFire    . . .     SeeInvis .   f - +1 war axe (vorpal)
rCold    + . .     Faith    .   c - +0 kite shield
rNeg     + . .     Spirit   .   F - +7 chain mail of the Stars {rPois rN+ Int-5}
rPois    +         Reflect  .   A - +2 helmet
rElec    .         Harm     .   j - +1 cloak
rCorr    .         Rampage  .   y - +2 pair of gloves
MR       +....                  (no boots)
Stlth    ..........             (no amulet)
HPRegen  0.00/turn              s - ring of Cuach {EV+4 Int+3}
MPRegen  0.09/turn              b - ring of protection from cold

@: non-regenerating
A: damage resistance, heal wounds, sense surroundings 2, no regeneration
a: Heal Wounds, Minor Destruction, Lesser Servant of Makhleb, Renounce Religion


You were on level 11 of the Dungeon.
You worshipped Makhleb.
Makhleb was most pleased with you.
You visited 2 branches of the dungeon, and saw 12 of its levels.
You also visited: Bailey.

You collected 2027 gold pieces.
You spent 256 gold pieces at shops.

Inventory:

Hand Weapons
 a - a +1 war axe
 f - a +1 vorpal war axe (weapon)
Missiles
 t - a throwing net (quivered)
Armour
 c - a +0 kite shield (worn)
 j - a +1 cloak (worn)
 y - a +2 pair of gloves (worn)
 A - a +2 helmet (worn)
 F - the +7 chain mail of the Stars (worn) {rPois rN+ Int-5}
   (You bought it in a shop on level 6 of the Dungeon)

   It affects your intelligence (-5).
   It protects you from poison.
   It protects you from negative energy.
Jewellery
 b - a ring of protection from cold (right hand)
 s - the ring of Cuach (left hand) {EV+4 Int+3}
   (You found it in a bailey)

   [ring of evasion]

   It affects your evasion (+4).
   It affects your intelligence (+3).
 C - an uncursed ring of positive energy
Wands
 r - a wand of enslavement (15)
 v - a wand of paralysis (9)
 x - a wand of polymorph (9)
Scrolls
 e - 2 scrolls of enchant armour
 k - 8 scrolls of teleportation {@r3}
 p - 5 scrolls of enchant weapon
Potions
 d - 2 potions of might {@q3}
 g - 5 potions of curing {@q1}
 h - 3 potions of magic
 i - 3 potions of brilliance
 l - a potion of resistance {@q5}
 m - a potion of degeneration
 n - 2 potions of berserk rage
 o - a potion of ambrosia
 q - a potion of invisibility
 u - a potion of stabbing
 w - 2 potions of lignification {unknown}
 z - a potion of mutation {unknown}


   Skills:
 + Level 7.6 Fighting
 * Level 11.8 Axes
 + Level 9.0 Armour
 + Level 3.5 Dodging
 + Level 9.0 Shields
 * Level 9.0 Invocations


You had 10 spell levels left.
You didn't know any spells.
Your spell library was empty.

Dungeon Overview and Level Annotations

Branches:
Dungeon (11/15)            Temple (1/1) D:7            Lair (0/6) D:11
 Bailey (visited)
    Orc: D:9-12

Altars:
Ashenzari
Dithmenos
Fedhas
Gozag
Hepliaklqana
Kikubaaqudgha
Makhleb
Nemelex Xobeh
Okawaru
Qazlal
Ru
Sif Muna
Trog
Uskayaw
Vehumet
Wu Jian
Xom
Yredelemnul
Zin
The Shining One

Shops:
D:6 [=   D:10 [

Annotations:
D:4 3 runed translucent doors, emiel's ghost, weakling MiDe
D:7 4 exclusions
D:11 exclusion: oklob plant


Innate Abilities, Weirdness & Mutations

You are resistant to damage.
You can heal yourself by infusing magical energy.
You passively map the area around you.
You do not regenerate.


Message History

You block the nine-headed hydra's attack. x2
The nine-headed hydra barely misses you. x2
The nine-headed hydra bites you but does no damage.
The nine-headed hydra bites you.
You lop one of the nine-headed hydra's heads off!
The eight-headed hydra grows two more!
You slash the ten-headed hydra!
The ten-headed hydra is lightly wounded.
The ten-headed hydra barely misses you.
The ten-headed hydra bites you but does no damage.
You block the ten-headed hydra's attack.
The ten-headed hydra barely misses you. x2
The ten-headed hydra bites you but does no damage.
You block the ten-headed hydra's attack. x2
The ten-headed hydra closely misses you.
The ten-headed hydra bites you but does no damage.
Your shield and chain mail of the Stars prevent you from hitting the ten-headed hydra.
The ten-headed hydra is lightly wounded.
You block the ten-headed hydra's attack.
The ten-headed hydra bites you. The ten-headed hydra barely misses you.
The ten-headed hydra closely misses you. x2
You block the ten-headed hydra's attack.
The ten-headed hydra barely misses you.
The ten-headed hydra completely misses you.
The ten-headed hydra bites you!
The ten-headed hydra bites you but does no damage.
You hack one of the ten-headed hydra's heads off!
The nine-headed hydra grows two more!
You slice the 11-headed hydra!!
The 11-headed hydra is moderately wounded.
The 11-headed hydra bites you but does no damage.
You block the 11-headed hydra's attack. x2
The 11-headed hydra bites you but does no damage. x3
The 11-headed hydra bites you.
The 11-headed hydra bites you but does no damage. x2
The 11-headed hydra barely misses you.
The 11-headed hydra bites you but does no damage.
Your shield and chain mail of the Stars prevent you from hitting the 11-headed hydra.
The 11-headed hydra is moderately wounded.
You slice one of the 11-headed hydra's heads off!
The ten-headed hydra grows two more!
You slash the 12-headed hydra!
The 12-headed hydra is moderately wounded.
The 12-headed hydra bites you!
The 12-headed hydra bites you but does no damage. x2
You block the 12-headed hydra's attack. The 12-headed hydra closely misses you.
The 12-headed hydra bites you but does no damage. x2
You block the 12-headed hydra's attack. The 12-headed hydra barely misses you.
The 12-headed hydra bites you. x2
The 12-headed hydra bites you but does no damage.
You slice one of the 12-headed hydra's heads off!
The 11-headed hydra grows two more!
You slash the 13-headed hydra!
The 13-headed hydra is moderately wounded.
The 13-headed hydra bites you. The 13-headed hydra closely misses you.
The 13-headed hydra bites you but does no damage. x2
You block the 13-headed hydra's attack.
The 13-headed hydra bites you but does no damage.
You block the 13-headed hydra's attack. The 13-headed hydra barely misses you.
You block the 13-headed hydra's attack.
The 13-headed hydra bites you but does no damage. x2
The 13-headed hydra bites you!
The 13-headed hydra bites you but does no damage.
You lop one of the 13-headed hydra's heads off!
The 12-headed hydra grows two more!
You slice the 14-headed hydra!!
The 14-headed hydra is heavily wounded.
You block the 14-headed hydra's attack. The 14-headed hydra bites you.
You block the 14-headed hydra's attack.
The 14-headed hydra closely misses you. x2
The 14-headed hydra bites you but does no damage. x2
The 14-headed hydra closely misses you.
The 14-headed hydra bites you but does no damage. x2
You block the 14-headed hydra's attack.
The 14-headed hydra bites you but does no damage.
The 14-headed hydra bites you. x2
You are too injured to fight recklessly!
You are too injured to fight recklessly!
You are too injured to fight recklessly!
You are too injured to fight recklessly!
You are too injured to fight recklessly!
You fail to use your ability.
The 14-headed hydra bites you!
The 14-headed hydra bites you but does no damage.
You block the 14-headed hydra's attack. x2
The 14-headed hydra completely misses you.
The 14-headed hydra bites you but does no damage.
The 14-headed hydra bites you.
* * * LOW HITPOINT WARNING * * *
The 14-headed hydra bites you but does no damage. x3
You block the 14-headed hydra's attack.
The 14-headed hydra bites you but does no damage. x2
The 14-headed hydra barely misses you.
A demon appears!
The 14-headed hydra bites you!
* * * LOW HITPOINT WARNING * * *
The 14-headed hydra bites you!
* * * LOW HITPOINT WARNING * * *
You block the 14-headed hydra's attack. x2
The 14-headed hydra bites you but does no damage.
The 14-headed hydra closely misses you. You block the 14-headed hydra's attack.
The 14-headed hydra misses you.
The 14-headed hydra completely misses you.
The 14-headed hydra bites you but does no damage. x2
The 14-headed hydra bites you!
* * * LOW HITPOINT WARNING * * *
You block the 14-headed hydra's attack. The 14-headed hydra bites you!
You die...

#### ##...#### *
##.....### ##.......#. , *
##..@D...... , , #######
####.4..#...... , ......#
#......##.)....
....>.####..............,,
, .........#....|.........
, ,
......##.'...........### ,
, ......####..........## ,
,* ......# #...#......# ,
......# #...##.....#
......


You could see a 14-headed hydra and a friendly hellwing (summoned).

Vanquished Creatures
  Erolcha (D:10)
  5 two-headed ogres
  An unseen horror (D:7)
  2 orc knights (Bailey)
  A kobold demonologist (D:11)
  A hippogriff (D:8)
  2 wraiths (D:11)
  2 wyverns (D:8)
  4 yaks (D:11)
  A steam dragon (D:11)
  Menkaure (D:7)
  Duvessa (D:6)
  2 water moccasins (D:11)
  8 orc warriors
  3 sky beasts
  A black bear (D:9)
  2 ice beasts (D:8)
  3 phantoms
  6 ogres
  3 centaurs
  2 big kobolds
  A gnoll sergeant (D:9)
  4 bullfrogs
  A wyvern zombie (D:9)
  A wyvern skeleton (D:10)
  Dowan (D:6)
  3 scorpions
  A water moccasin skeleton (D:10)
  12 wights
  4 howler monkeys
  10 hounds
  3 jellies (D:5)
  Crazy Yiuf (D:6)
  4 orc priests
  2 bullfrog skeletons
  5 orc wizards
  Jessica (D:2)
  4 iguanas
  4 worker ants
  2 hound zombies (D:9)
  7 gnolls
  11 adders
  A shadow imp (D:5)
  3 white imps
  An ufetubus (D:10)
  An ooze (D:3)
  An adder zombie (D:9)
  An adder skeleton (D:6)
  2 worms
  2 dart slugs
  4 leopard geckos
  36 orcs
  2 giant cockroaches
  7 goblins
  4 hobgoblins
  3 jackals (D:9)
  5 quokkas
  A ball python (D:1)
  2 bats
  A frilled lizard (D:4)
  A jackal skeleton (D:4)
  6 kobolds
  A quokka skeleton (D:4)
  A quokka zombie (D:9)
  A rat (D:3)
221 creatures vanquished.

Vanquished Creatures (collateral kills)
  An orc warrior (Bailey)
  An orc (Bailey)
2 creatures vanquished.

Vanquished Creatures (others)
  An orc knight (Bailey)
  6 plants (D:11)
7 creatures vanquished.

Grand Total: 230 creatures vanquished

Notes
Turn   | Place    | Note
-------+----------+-------------------------------------------
     0 | D:1      | EnegeticOcto the Deep Dwarf Fighter began the quest for the
                  | Orb.
     0 | D:1      | Reached XP level 1. HP: 20/20 MP: 1/1
    72 | D:2      | Noticed a phantom
   122 | D:2      | Killed a phantom
   122 | D:2      | Reached skill level 3 in Axes
   122 | D:2      | Reached XP level 2. HP: 12/28 MP: 2/2
   122 | D:2      | Reached XP level 3. HP: 15/34 MP: 3/3
   122 | D:2      | Reached XP level 4. HP: 18/42 MP: 4/4
   237 | D:2      | Noticed Jessica
   240 | D:2      | Killed Jessica
   359 | D:2      | Reached skill level 4 in Axes
   382 | D:3      | Reached XP level 5. HP: 47/49 MP: 5/5
   812 | D:4      | Reached XP level 6. HP: 25/56 MP: 6/6
   835 | D:4      | Reached skill level 5 in Axes
  1135 | D:4      | Reached XP level 7. HP: 52/64 MP: 6/6
  1145 | D:4      | Found a runed translucent gate.
  1145 | D:4      | Found a runed translucent gate.
  1145 | D:4      | Found a runed translucent gate.
  1298 | D:4      | Reached skill level 5 in Armour
  1349 | D:4      | Noticed emiel's ghost (weakling MiDe)
  1399 | D:4      | Reached skill level 5 in Shields
  1621 | D:4      | Found a bloodstained altar of Trog.
  1778 | D:5      | Entered Level 5 of the Dungeon
  1808 | D:5      | Reached skill level 6 in Axes
  1810 | D:5      | Found a blossoming altar of Fedhas.
  2156 | D:5      | Found a broken altar of Ashenzari.
  2462 | D:5      | Reached XP level 8. HP: 73/73 MP: 6/6
  2554 | D:5      | Reached skill level 7 in Axes
  2816 | D:6      | Found Ryzxat's Antique Armour Shoppe.
  2862 | D:6      | Found a runed translucent door.
  2863 | D:6      | Noticed Crazy Yiuf
  2894 | D:6      | Noticed Dowan
  2906 | D:6      | Noticed Duvessa
  2912 | D:6      | Killed Dowan
  2912 | D:6      | Reached skill level 5 in Fighting
  2928 | D:6      | Killed Duvessa
  2941 | D:6      | Reached skill level 8 in Axes
  3288 | D:6      | Found Fitof's Jewellery Shop.
  3498 | D:6      | Killed Crazy Yiuf
  3538 | D:7      | Noticed Menkaure
  3545 | D:7      | Killed Menkaure
  3545 | D:7      | Gained mutation: You passively map the area around you.
                  | [Deep Dwarf growth]
  3545 | D:7      | Reached XP level 9. HP: 50/81 MP: 4/4
  3826 | D:7      | Found a staircase to the Ecumenical Temple.
  3931 | D:7      | Killed an unseen horror
  3931 | D:7      | Reached skill level 9 in Axes
  4024 | D:7      | Found a shimmering altar of Xom.
  4043 | Temple   | Entered the Ecumenical Temple
  4120 | Temple   | Became a worshipper of Makhleb the Destroyer
  4716 | D:8      | Reached skill level 1 in Invocations
  5080 | D:8      | Reached skill level 10 in Axes
  5080 | D:8      | Reached XP level 10. HP: 52/92 MP: 5/5
  5109 | D:8      | Reached * piety under Makhleb
  5163 | D:6      | Bought a shimmering chain mail for 256 gold pieces
  5173 | D:6      | Identified the +7 chain mail of the Stars {rPois rN+ Int-5}
                  | (You bought it in a shop on level 6 of the Dungeon)
  5426 | D:9      | Found a glowing golden altar of the Shining One.
  5456 | D:9      | Noticed a two-headed ogre
  5468 | D:9      | Killed a two-headed ogre
  5468 | D:9      | Reached skill level 5 in Invocations
  5513 | D:9      | Found a bloodstained altar of Trog.
  5515 | D:9      | Found a shadowy altar of Dithmenos.
  5576 | D:9      | Noticed a two-headed ogre
  5592 | D:9      | Killed a two-headed ogre
  5633 | D:9      | Found an ornate altar of the Wu Jian Council.
  5857 | D:10     | Entered Level 10 of the Dungeon
  5877 | D:10     | Noticed Erolcha
  5882 | D:10     | HP: 4/92 [Erolcha/crystal spear (50)]
  5897 | D:10     | Killed Erolcha
  5897 | D:10     | Reached skill level 1 in Dodging
  6039 | D:10     | Reached skill level 11 in Axes
  6225 | D:10     | Found Oclyijo's Armour Shoppe.
  6316 | D:10     | Reached ** piety under Makhleb
  6674 | D:11     | Reached XP level 11. HP: 100/100 MP: 6/6
  6702 | D:11     | Found a flagged portal.
  6711 | Bailey   | Entered a bailey
  6711 | Bailey   | Noticed an orc knight
  6715 | Bailey   | Noticed an orc knight
  6747 | Bailey   | Noticed an orc knight
  6764 | Bailey   | Killed an orc knight
  6773 | Bailey   | Got a pitted golden ring
  6775 | Bailey   | Identified the ring of Cuach {EV+4 Int+3} (You found it in
                  | a bailey)
  6814 | Bailey   | Noticed an orc knight
  6829 | Bailey   | Killed an orc knight
  6897 | D:11     | Found a staircase to the Lair.
  6899 | D:11     | Noticed an oklob plant
  6905 | D:11     | Noticed a sun demon
  6925 | D:11     | Noticed a soul eater
  6954 | D:11     | Noticed a two-headed ogre
  6955 | D:11     | Noticed a two-headed ogre
  6961 | D:11     | Killed a two-headed ogre
  6968 | D:11     | Killed a two-headed ogre
  7136 | D:11     | Reached *** piety under Makhleb
  7179 | D:11     | Noticed a two-headed ogre
  7188 | D:11     | Killed a two-headed ogre
  7232 | D:11     | Noticed a six-headed hydra
  7247 | D:11     | HP: 3/100 [14-headed hydra (7)]
  7247 | D:11     | Slain by a 14-headed hydra

Illustrated notes

Levels and vault maps discovered:
D:1:      erik_arrival_orb_chamber, layout_loops_ring
D:2:      layout_basic, gammafunk_temple_overflow_statue, uniq_jessica
D:3:      layout_basic
D:4:      layout_layer_cave, gammafunk_ghost_icy, trog_hazing_becter
D:5:      minmay_razor_zed, layout_basic, lemuel_crystal_altar,
          lemuel_altar_in_water2
D:6:      layout_loops_ring, serial_shops, shop, shop, minmay_chambers_of_fives,
          uniq_duvessa, uniq_crazy_yiuf_cottage
D:7:      layout_basic, xom_teletrap_fun, minmay_temple_entry_statues,
          nicolae_lava_and_water, grunt_ministairs_15, hangedman_decor_growths,
          uniq_menkaure
D:8:      layout_cave_pools
D:9:      layout_big_octagon, nicolae_overflow_crystal_walls,
          chequers_temple_overflow_statue_of_worship, tso_altar
D:10:     layout_roguey, serial_rivers, chequers_serial_rivers_micro_a,
          chequers_serial_rivers_small_b, chequers_serial_rivers_small_b,
          chequers_serial_rivers_micro_d, chequers_serial_rivers_room_a,
          chequers_serial_rivers_micro_a, serial_shops,
          nicolae_shop_temple_entry_statues_fountains, uniq_erolcha
D:11:     layout_roguey, dpeg_oklobed_lair, enter_bailey_8, minivault_25,
          kennysheep_decorative_pillar, kennysheep_generic_room_6
Temple:   jpeg_temple_clearing

Skill      XL: |  1  2  3  4  5  6  7  8  9 10 11 |
---------------+----------------------------------+-----
Fighting       | 3 4 5 6 7 |  7.6
Axes           | 3 4 5 6 8 10 11 | 11.8
Armour         | 4 5 6 7 8 9 |  9.0
Shields        | 4 5 6 7 8 9 |  9.0
Invocations    | 3 7 9 |  9.0
Dodging        | 2 3 |  3.5

Action                   |  1- 3 |  4- 6 |  7- 9 | 10-12 || total
-------------------------+-------+-------+-------+-------++-------
Melee: War axe           |    32 |   156 |   413 |   295 ||   896
Invok: Lesser Servant of |       |       |       |     1 ||     1
 Abil: Heal Wounds       |     2 |     4 |    17 |    15 ||    38
Evoke: Wand              |       |       |       |    25 ||    25
  Use: Scroll            |       |       |    11 |    10 ||    21
       Potion            |       |       |       |     1 ||     1
Armor: Scale mail        |     8 |    74 |    83 |       ||   165
       Plate armour      |       |       |   160 |     9 ||   169
       Chain mail        |       |       |       |   177 ||   177
Dodge: Dodged            |     7 |    53 |    83 |   132 ||   275
Block: Kite shield       |    14 |   126 |   231 |   224 ||   595

Table legend: (Time is in decaauts)
 A = Elapsed time spent in this place.
 B = Non-inter-level travel time spent in this place.
 C = Inter-level travel time spent in this place.
 D = Time resting spent in this place.
 E = Time spent auto-exploring this place.
 F = Levels seen in this place.
 G = Mean time per level.
                   A        B        C        D        E       F      G
               +--------+--------+--------+--------+--------+-----+--------+
         Total |   7423 |   7051 |    372 |      0 |   5137 |  13 |  571.0 |
       Dungeon |   7172 |   6822 |    350 |      0 |   5066 |  11 |  652.0 |
        Temple |    100 |     78 |     22 |      0 |     71 |   1 |  100.0 |
        Bailey |    150 |    150 |      0 |      0 |      0 |   1 |  150.0 |
               +--------+--------+--------+--------+--------+-----+--------+

Top non-repeatable levels by time:
     D:4: 1126 daAuts
     D:7: 1119 daAuts
     D:5: 959 daAuts
     D:6: 871 daAuts
    D:10: 787 daAuts
     D:8: 636 daAuts
    D:11: 479 daAuts
     D:9: 448 daAuts
     D:3: 344 daAuts
     D:2: 328 daAuts
  Bailey: 150 daAuts
  Temple: 100 daAuts
     D:1: 71 daAuts
